 Dungeon Crawl Stone Soup version 0.31-a0-728-g01b46875f1 (webtiles) character file.

Game seed: 416513297952807709

46 ragingrage the Slasher (level 3, 0/21 HPs)
             Began as a Tengu Gladiator on Sept 11, 2023.
             Succumbed to an adder's poison
             ... on level 2 of the Dungeon.
             The game lasted 00:00:58 (1088 turns).

ragingrage the Slasher (Tengu Gladiator)            Turns: 1088, Time: 00:00:59

Health: 0/21       AC:  3    Str: 14    XL:     3   Next: 66%
Magic:  4/4        EV: 13    Int:  8    God:
Gold:   56         SH:  0    Dex: 17    Spells: 2/2 levels left

rFire   . . .        a - +1 long sword
rCold   . . .        (no shield)
rNeg    . . .        b - +0 leather armour
rPois   .            c - +0 hat
rElec   .            (no cloak)
rCorr   .            (no gloves)
SInv    .            (boots unavailable)
Will    .....        (no amulet)
Stlth   +            (no ring)
HPRegen 0.23/turn    (no ring)
MPRegen 0.09/turn

%: acrobat
@: lethally poisoned (0 -> -8)
A: beak, talons 3, acrobatic
a: no special abilities


You were on level 2 of the Dungeon.
You visited 1 branch of the dungeon, and saw 2 of its levels.

You collected 56 gold pieces.

Inventory:

Hand Weapons
 a - a +1 long sword (weapon)
Missiles
 d - 3 throwing nets
 g - 2 boomerangs (quivered)
Armour
 b - a +0 leather armour (worn)
 c - a +0 hat (worn)


   Skills:
 - Level 2.0 Fighting
 + Level 5.0 Long Blades
 - Level 2.0 Throwing
 - Level 3.2 Dodging


You had 2 spell levels left.
You didn't know any spells.
Your spell library contained the following spells:

 Spells                   Type           Power      Damage    Failure   Level
 Sandblast                Erth           0%         2d4       50%         1
 Passwall                 Tmut/Erth      0%         N/A       63%         2
 Stone Arrow              Conj/Erth      0%         3d7       86%         3


Dungeon Overview and Level Annotations

Branches:
Dungeon (2/15)

Altars:


Innate Abilities, Weirdness & Mutations

You have a beak for a mouth.
You have claws for feet.
You can magically evade attacks while moving or waiting.


Message History

You feel sick. The adder attacks as it pursues you!
The adder barely misses you. The adder bites you.
You are lethally poisoned!
The adder poisons you!
It was a potion of magic.
Magic courses through your body.
* * * LOW HITPOINT WARNING * * *
You feel sick.
It was a potion of curing.
You feel better. The adder barely misses you.
The adder bites you but does no damage.
As you read the scroll labelled DIMYRR XOL ARU, it crumbles to dust.
It is a scroll of enchant weapon.
Your +0 long sword glows red for a moment.
The adder bites you.
You are poisoned.
The adder poisons you! The adder closely misses you. The adder bites you.
You are more poisoned.
The adder poisons you!
As you read the scroll labelled YHISA EDGHI, it crumbles to dust.
Your body is wracked with pain!
The adder convulses! x2; It was a scroll of torment.
* * * LOW HITPOINT WARNING * * *
You feel very sick. The adder misses you. The adder closely misses you.
As you read the scroll labelled FAEFEL IKKOMOF, it crumbles to dust.
It is a scroll of identify.
You don't currently have any unidentified items.
* * * LOW HITPOINT WARNING * * *
You feel sick. The adder closely misses you. The adder completely misses you.
The adder closely misses you.
You miss the adder. You claw the adder!
You kill the adder!
* * * LOW HITPOINT WARNING * * *
You feel sick. The adder bites you.
* * * LOW HITPOINT WARNING * * *
You are more poisoned.
The adder poisons you!
Your Long Blades skill increases to level 5!
You slash the adder!
You kill the adder!
You die...

####........
#...........
#.###.......
###.###......#
###............#
##......###.....#
#gl.......###..#.
###.#.........##.#.
#.@†#..######..#...
#..##.##g. .##..
#..#..# .? # .#..
#..#..# [# .# #..
#..#..# $##$.# #..
#..#.g# .)S..# #..
#..##.##....# #..
#...#(l...# #...
##........##...


You could see a hobgoblin and a frilled lizard.

Vanquished Creatures
  3 adders (D:2)
  2 dart slugs
  6 endoplasms
  A giant cockroach (D:1)
  2 goblins (D:1)
  4 kobolds (D:1)
  A ball python (D:1)
  3 bats
  A frilled lizard (D:1)
  2 rats (D:1)
25 creatures vanquished.

Notes
Turn   | Place    | Note
-------+----------+-------------------------------------------
     0 | D:1      | ragingrage the Tengu Gladiator began the quest for the Orb.
     0 | D:1      | Reached XP level 1. HP: 12/12 MP: 2/2
     0 | D:1      | Noticed a tengu
     1 | D:1      | Noticed a vampire
     6 | D:1      | Noticed a minotaur
     8 | D:1      | Noticed an octopode
    11 | D:1      | Noticed a vampire
    13 | D:1      | Noticed a spriggan
    15 | D:1      | Noticed a gargoyle
    15 | D:1      | Noticed a tengu
    21 | D:1      | Noticed a demonspawn zombie
   273 | D:1      | Reached XP level 2. HP: 17/17 MP: 3/3
   341 | D:1      | Reached skill level 4 in Long Blades
   887 | D:2      | Reached XP level 3. HP: 21/21 MP: 4/4
  1087 | D:2      | HP: 1/21 [adder (1)]
  1088 | D:2      | Reached skill level 5 in Long Blades
  1088 | D:2      | Succumbed to an adder's poison

Illustrated notes

Levels and vault maps discovered:
D:1:      shiori_arrival_whats_in_store_for_you, layout_basic
D:2:      layout_basic, minmay_randomly_rotated_circles, uniq_sigmund,
          uniq_terence

Skill      XL: |  1  2  3 |
---------------+----------+-----
Long Blades    | 4 5 |  5.0
Fighting       | |  2.0
Throwing       | |  2.0
Dodging        | |  3.2

Action                     || total
---------------------------++-------
  Melee: Long sword        ||    41
         Kick              ||    10
         Peck              ||     3
  Throw: Javelin           ||     1
    Use: Scroll            ||     3
         Potion            ||     2
   Stab: Sleeping          ||     1
 Armour: Leather armour    ||    25
  Dodge: Dodged            ||    47

Table legend: (Time is in decaauts)
 A = Elapsed time spent in this place.
 B = Non-inter-level travel time spent in this place.
 C = Inter-level travel time spent in this place.
 D = Time resting spent in this place.
 E = Time spent auto-exploring this place.
 F = Levels seen in this place.
 G = Mean time per level.
                   A        B        C        D        E       F      G
               +--------+--------+--------+--------+--------+-----+--------+
         Total |   1096 |   1034 |     62 |      0 |    854 |   2 |  548.0 |
       Dungeon |   1096 |   1034 |     62 |      0 |    854 |   2 |  548.0 |
               +--------+--------+--------+--------+--------+-----+--------+

Top non-repeatable levels by time:
     D:1: 817 daAuts
     D:2: 278 daAuts
